 Dungeon Crawl Stone Soup version 0.30-a0-459-g9104f0fc43 (webtiles) character file.

Game seed: 12139519623186735849

677 oldriver the Shooter (level 7, -11/55 HPs)
             Began as a Barachi Hexslinger on Dec 15, 2022.
             Mangled by an ice beast (12 damage)
             ... on level 5 of the Dungeon.
             The game lasted 00:04:28 (5492 turns).

oldriver the Shooter (Barachi Hexslinger)           Turns: 5492, Time: 00:04:29

Health: -11/55     AC:  6    Str: 18    XL:     7   Next: 60%
Magic:  8/8        EV: 10    Int: 13    God:
Gold:   311        SH:  8    Dex: 14    Spells: 7/8 levels left

rFire   . . .      SeeInvis .    a - +1 sling
rCold   . . .      Faith    .    s - +0 kite shield
rNeg    + . .      Spirit   .    A - +1 robe of Knowledge {rN+ Will- rCorr Slay+2}
rPois   .          Reflect  .    (no helmet)
rElec   .          Harm     .    j - +0 cloak
rCorr   +          Rampage  .    g - +0 pair of gloves
Will    .....                    r - +0 pair of boots
Stlth   +.........               (no amulet)
HPRegen 0.29/turn                n - +6 ring of strength
MPRegen 0.11/turn                (no ring)

@: unable to hop, slow
A: amphibious, slowness 1, strong legs 1, +LOS
a: Hop


You were on level 5 of the Dungeon.
You visited 1 branch of the dungeon, and saw 5 of its levels.

You collected 311 gold pieces.

Inventory:

Hand Weapons
 a - a +1 sling (weapon)
 q - a +4 hand axe
Armour
 g - a +0 pair of gloves (worn)
 j - a +0 cloak (worn)
 r - a +0 pair of boots (worn)
 s - a +0 kite shield (worn)
 t - a +0 scale mail
 A - the +1 robe of Knowledge (worn) {rN+ Will- rCorr Slay+2}
   (You found it on level 4 of the Dungeon)

   Slay:      It affects your accuracy & damage with ranged weapons and melee
   (+2).
   rN:        It protects you from negative energy.
   rCorr:     It protects you from acid and corrosion.
   Will:      It decreases your willpower.
Jewellery
 n - a +6 ring of strength (left hand)
 x - an amulet of guardian spirit
Wands
 u - a wand of digging (5)
 v - a wand of flame (4)
Scrolls
 b - a scroll of poison
 c - a scroll of torment {unknown}
 f - 3 scrolls of amnesia {unknown}
 k - a scroll of brand weapon {unknown}
 l - 2 scrolls of teleportation {unknown}
 m - a scroll of silence {unknown}
 o - 3 scrolls of butterflies {unknown}
 w - a scroll of immolation {unknown}
 y - a scroll of vulnerability {unknown}
 z - a scroll of enchant armour {unknown}
 B - 2 scrolls of identify {unknown}
 D - a scroll of fog {unknown}
 F - a scroll of enchant weapon {unknown}
Potions
 d - 3 potions of haste {unknown}
 e - 2 potions of curing {unknown}
 h - 2 potions of degeneration {unknown}
 i - 2 potions of heal wounds {unknown}
 p - 3 potions of lignification {unknown}
 C - a potion of flight {unknown}
 E - 2 potions of cancellation {unknown}


   Skills:
 + Level 4.8 Fighting
 * Level 6.0 Ranged Weapons
 - Level 3.0 Armour
 - Level 2.1 Dodging
 - Level 3.0 Shields
 - Level 1.1 Spellcasting
 - Level 3.2 Hexes


You had 7 spell levels left.
You knew the following spells:

 Your Spells              Type           Power      Damage    Failure   Level
a - Slow                  Hex            36%        N/A       22%         1

Your spell library contained the following spells:

 Spells                   Type           Power      Damage    Failure   Level
 Blink                    Tloc           0%         N/A       78%         2
 Inner Flame              Hex/Fire       4%         N/A       78%         3
 Portal Projectile        Hex/Tloc       8%         N/A       78%         3
 Cause Fear               Hex            4%         N/A       92%         4
 Manifold Assault         Tloc           0%         N/A       100%        4
 Storm Form               Tmut/Air       0%         N/A       100%        7


Dungeon Overview and Level Annotations

Branches:
Dungeon (5/15)
 Temple: D:4-7

Altars:
Makhleb
Qazlal


Innate Abilities, Weirdness & Mutations

You are amphibious.
You cover ground slowly.
You can hop short distances.
You have an extended range of vision and can be seen from far away.


Message History

You shoot a sling bullet.
The sling bullet barely misses the ice beast.
The ice beast hits you.
* * * LOW HITPOINT WARNING * * *
The ice beast freezes you.
* * * LOW HITPOINT WARNING * * *
Fire: a) +1 sling
Press: ? - help, Shift-Dir - straight line, f/p - ice beast
Aim: an ice beast (almost dead, 65% to hit)
You shoot a sling bullet.
The sling bullet closely misses the ice beast.
The ice beast hits you.
* * * LOW HITPOINT WARNING * * *
The ice beast freezes you!
* * * LOW HITPOINT WARNING * * *
The ice beast hits you but does no damage.
Fire: a) +1 sling
Press: ? - help, Shift-Dir - straight line, f/p - ice beast
Aim: an ice beast (almost dead, 65% to hit)
You shoot a sling bullet. The sling bullet hits the ice beast.
The ice beast is almost dead.
The ice beast hits you but does no damage.
Unknown command.
Fire: a) +1 sling
Press: ? - help, Shift-Dir - straight line, f/p - ice beast
Aim: an ice beast (almost dead, 65% to hit)
You shoot a sling bullet. The sling bullet hits the ice beast.
The ice beast is almost dead.
You block the ice beast's attack.
Unknown command.
Fire: a) +1 sling
Press: ? - help, Shift-Dir - straight line, f/p - ice beast
Aim: an ice beast (almost dead, 65% to hit)
You shoot a sling bullet.
The sling bullet closely misses the ice beast.
The ice beast hits you but does no damage.
The ice beast hits you.
* * * LOW HITPOINT WARNING * * *
The ice beast freezes you!
You die...

#.........+.........+............
####...####.........###......####
##.## ....... ###.##.# #.# .....
####.# ####.# ... #.# #....# #†#
#.# #.#### #.######### #.# #.#
##Y#........ ..# #.# #..@....#
### #.# ##[...##.# #.# #.....#
#.# ##.....# #.#########....#.#
#...).).......##.#
############.....# ##.#### #...


You could see an ice beast.

Vanquished Creatures
  2 ogres (D:5)
  3 scorpions (D:5)
  2 jellies
  A hound (D:5)
  An orc priest (D:3)
  An orc wizard (D:5)
  8 adders
  An ufetubus (D:5)
  3 worms
  3 dart slugs
  8 orcs
  7 bats
  7 endoplasms
  4 giant cockroaches
  14 goblins
  11 hobgoblins
  3 jackals
  3 quokkas
  4 ball pythons
  3 frilled lizards (D:2)
  6 kobolds
  3 rats (D:1)
98 creatures vanquished.

Vanquished Creatures (others)
  11 demonic plants (D:2)
11 creatures vanquished.

Grand Total: 109 creatures vanquished

Notes
Turn   | Place    | Note
-------+----------+-------------------------------------------
     0 | D:1      | oldriver the Barachi Hexslinger began the quest for the
                  | Orb.
     0 | D:1      | Reached XP level 1. HP: 15/15 MP: 2/2
   383 | D:1      | Reached XP level 2. HP: 21/22 MP: 3/3
   959 | D:2      | Reached skill level 3 in Ranged Weapons
   959 | D:2      | Reached XP level 3. HP: 26/27 MP: 4/4
  1299 | D:2      | Reached XP level 4. HP: 19/34 MP: 5/5
  2114 | D:3      | Reached skill level 4 in Ranged Weapons
  2728 | D:3      | Reached XP level 5. HP: 22/41 MP: 6/6
  2994 | D:3      | Reached skill level 1 in Armour
  3391 | D:3      | Reached skill level 1 in Shields
  3879 | D:4      | Identified the +1 robe of Knowledge {rN+ Will- rCorr
                  | Slay+2}
  3994 | D:4      | Reached XP level 6. HP: 45/48 MP: 7/7
  4389 | D:4      | Found a burning altar of Makhleb.
  4402 | D:5      | Entered Level 5 of the Dungeon
  4609 | D:5      | Reached skill level 5 in Ranged Weapons
  4823 | D:5      | Found a stormy altar of Qazlal.
  5126 | D:5      | Reached XP level 7. HP: 48/55 MP: 8/8
  5472 | D:5      | Reached skill level 6 in Ranged Weapons
  5489 | D:5      | HP: 2/55 [ice beast (7)]
  5492 | D:5      | Mangled by an ice beast

Illustrated notes

Levels and vault maps discovered:
D:1:      dpeg_arrival_boxes_within_box, layout_loops_ring
D:2:      layout_loops_ring, dreamdust_princess_corridor
D:3:      cheibrodos_greedy_goblins, layout_loops_corners, nicolae_hexahallways
D:4:      layout_loops_ring, lemuel_tele_altar, minmay_misc_feat_ornament
D:5:      layout_loops_corners, grunt_qazlal_sundering

Skill      XL: |  1  2  3  4  5  6  7 |
---------------+----------------------+-----
Fighting       | 2 3 4 |  4.8
Ranged Weapons | 3 4 5 6 |  6.0
Armour         | 1 2 3 |  3.0
Shields        | 1 2 3 |  3.0
Dodging        | |  2.1
Spellcasting   | |  1.1
Hexes          | |  3.2

Action                   |  1- 3 |  4- 6 |  7- 9 || total
-------------------------+-------+-------+-------++-------
 Fire: Sling             |    84 |   337 |    38 ||   459
 Abil: Hop               |     1 |     2 |     2 ||     5
Armor: Robe              |    12 |    55 |     9 ||    76
       Scale mail        |       |    49 |       ||    49
Dodge: Dodged            |    37 |    81 |     3 ||   121
Block: Kite shield       |       |    56 |    11 ||    67

Table legend: (Time is in decaauts)
 A = Elapsed time spent in this place.
 B = Non-inter-level travel time spent in this place.
 C = Inter-level travel time spent in this place.
 D = Time resting spent in this place.
 E = Time spent auto-exploring this place.
 F = Levels seen in this place.
 G = Mean time per level.
                   A        B        C        D        E       F      G
               +--------+--------+--------+--------+--------+-----+--------+
         Total |   6379 |   5902 |    477 |    727 |   4272 |   5 | 1275.8 |
       Dungeon |   6379 |   5902 |    477 |    727 |   4272 |   5 | 1275.8 |
               +--------+--------+--------+--------+--------+-----+--------+

Top non-repeatable levels by time:
     D:3: 1804 daAuts
     D:2: 1388 daAuts
     D:5: 1231 daAuts
     D:1: 1097 daAuts
     D:4: 858 daAuts
